 Dungeon Crawl Stone Soup version 0.16-a0-4023-g001212b (webtiles) character file.

13954 majlo the Destroyer (level 11, 18/86 HPs)
             Began as a Demigod Wizard on Feb 18, 2015.
             Quit the game on level 4 of the Lair of Beasts.
             The game lasted 01:19:32 (18606 turns).

majlo the Destroyer (Demigod Wizard)               Turns: 18606, Time: 01:19:32

Health: 18/86      AC: 13    Str: 10    XL:     11   Next: 53%
Magic:  20/28      EV: 15    Int: 28    God:
Gold:   207        SH:  0    Dex: 14    Spells: 7 memorised, 2 levels left

rFire  . . .     SeeInvis .     a - +1 trident (protect)
rCold  . . .     Clarity  .     v - +0 steam dragon armour
rNeg   . . .     SustAb   +     (no shield)
rPois  .         Gourm    .     q - +0 hat
rElec  .         Spirit   .     C - +0 cloak
rCorr  .         Warding  .     O - +0 pair of gloves
rMut   .         Stasis   .     x - +0 pair of boots (curse)
MR     ++...                    (no amulet)
Stlth  ++........               (no ring)
                                s - ring of protection from magic

@: lethally poisoned (18 -> -3), very resistant to hostile enchantments,
unstealthy
A: sustain abilities
a: no special abilities


You were on level 4 of the Lair of Beasts.
You were not hungry.

You visited 3 branches of the dungeon, and saw 16 of its levels.

You collected 837 gold pieces.
You spent 630 gold pieces at shops.

Inventory:

Hand weapons
 a - a +1 trident of protection (weapon)
 b - a +0 blowgun
 R - a +3 dagger of freezing
Missiles
 B - 9 poisoned needles
 D - 3 tomahawks
 X - 4 javelins (quivered)
Armour
 q - a +0 hat (worn)
 v - a +0 steam dragon armour (worn)
 x - a cursed +0 pair of boots (worn)
 C - a +0 cloak (worn)
 O - a +0 pair of gloves (worn)
Jewellery
 s - a ring of protection from magic (left hand)
 K - an uncursed amulet of stasis
Magical devices
 f - a wand of fire (0)
 M - a wand of slowing (22)
 P - a wand of fire (7)
 S - a wand of paralysis (4)
Scrolls
 e - 5 scrolls of identify
 j - 5 scrolls of fear
 k - 14 scrolls of remove curse
 m - a scroll of teleportation
 N - a scroll of amnesia
 T - 2 scrolls of blinking
Potions
 g - a potion of haste {unknown}
 h - 5 potions of curing
 i - a potion of magic {unknown}
 n - 2 potions of invisibility {unknown}
 o - 2 potions of restore abilities {unknown}
 r - 3 potions of agility {unknown}
 t - 3 potions of brilliance {unknown}
 A - a potion of might {unknown}
 E - 4 potions of berserk rage {unknown}
 F - a potion of decay {unknown}
 H - 3 potions of heal wounds {unknown}
 I - a potion of flight {unknown}
 J - a potion of resistance {unknown}
 Q - 3 potions of cancellation {unknown}
 Y - a potion of mutation {unknown}
Books
 c - a book of Minor Magic

   Spells                             Type                      Level
   a - Magic Dart                     Conjuration                  1
   b - Blink                          Translocation                2
   c - Call Imp                       Summoning                    2
   d - Repel Missiles                 Charms/Air                   2
   e - Slow                           Hexes                        2
   f - Conjure Flame                  Conjuration/Fire             3
   g - Mephitic Cloud                 Conjuration/Poison/Air       3
 p - a book of Power

   Spells                             Type                      Level
   a - Fulminant Prism                Conjuration/Hexes            4
   b - Iskenderun's Mystic Blast      Conjuration                  4
   c - Venom Bolt                     Conjuration/Poison           5
   d - Bolt of Magma                  Conjuration/Fire/Earth       5
   e - Iron Shot                      Conjuration/Earth            6
   f - Orb of Destruction             Conjuration                  7
   g - Spellforged Servitor           Conjuration/Summoning        7
 u - a book of Clouds

   Spells                             Type                      Level
   a - Mephitic Cloud                 Conjuration/Poison/Air       3
   b - Conjure Flame                  Conjuration/Fire             3
   c - Poisonous Cloud                Conjuration/Poison/Air       6
   d - Freezing Cloud                 Conjuration/Ice/Air          6
   e - Ring of Flames                 Charms/Fire                  7
 L - Iskenderun's Reference Book on Torrid Attacks
   (You found it on level 2 of the Lair of Beasts)

   Spells                             Type                      Level
   a - Flame Tongue                   Conjuration/Fire             1
   b - Mephitic Cloud                 Conjuration/Poison/Air       3
   c - Bolt of Fire                   Conjuration/Fire             6
   d - Delayed Fireball               Conjuration/Fire             7
Miscellaneous
 G - a crystal ball of energy
Comestibles
 d - 14 bread rations
 l - 7 fruits
 w - 4 beef jerkies
 z - 5 meat rations


   Skills:
 - Level 5.1 Fighting
 - Level 6.5 Dodging
 - Level 1.7 Stealth
 - Level 6.4 Spellcasting
 * Level 9.2 Conjurations
 - Level 2.0 Charms
 - Level 2.4 Summonings
 - Level 2.4 Translocations
 * Level 7.2 Ice Magic
 + Level 6.7 Air Magic
 - Level 2.1 Poison Magic


You had 2 spell levels left.
You knew the following spells:

 Your Spells              Type           Power        Failure   Level  Hunger
a - Magic Dart            Conj           ####         1%          1    None
b - Blink                 Tloc           N/A          3%          2    None
c - Mephitic Cloud        Conj/Pois/Air  #####...     1%          3    None
d - Freezing Cloud        Conj/Ice/Air   ######....   41%         6    ######.
e - Iskenderun's Mystic   Conj           ######..     1%          4    ###....
i - Call Imp              Summ           ###.....     3%          2    None
r - Repel Missiles        Chrm/Air       ####..       1%          2    None


Dungeon Overview and Level Annotations

Branches:
Dungeon (10/15)            Temple (1/1) D:4            Lair (5/8) D:10
    Orc (0/4) D:9
  Swamp: Lair:3-6    Shoals: Lair:3-6     Snake: Lair:3-6    Spider: Lair:3-6

Shops:
D:4 *   D:8 *   D:10 :

Annotations:
D:8 Warspiderx's ghost, experienced MiFi


Innate Abilities, Weirdness & Mutations

Your attributes are resistant to harm.


Message History

The river rat is engulfed in freezing vapours.
You kill the river rat!
The river rat's corpse disappears in a puff of smoke!
You feel very sick. The black mamba completely misses you.
The black mamba barely misses you.
You hit the river rat.
The river rat is heavily wounded.
You feel very sick. The black mamba bites you!
* * * LOW HITPOINT WARNING * * *
The river rat misses you.
The river rat bites you but does no damage.
The black mamba bites you!
* * * LOW HITPOINT WARNING * * *
The crocodile is engulfed in freezing vapours.
The crocodile seems to slow down.
Casting: Freezing Cloud
Confirm with . or Enter, or press ? or * to list all spells.
Okay, then.
Are you sure you want to abandon this character and quit the game? (Confirm with "yes".)

####...§......#...P# ######
#.##..#rr.r...#...##
##..#.#
#.....#......P#....#
#.#...#
#....#.#.......#####
##....####..t.r#r..[......#
##......P.§§§.r#.........#
##.......§§§r...#...#...#
#........S§§r.......#.###
#....>..rr@r(.##...####
#....##..(..########
##.#####....# ### #....#
######


You could see a black mamba, a crocodile (confused) and 9 river rats.

Vanquished Creatures
  Pikel (D:8)
  3 black mambas
  6 spiny frogs
  A centaur skeleton (D:8)
  4 komodo dragons
  Grinder (D:5)
  6 blink frogs
  A basilisk (Lair:3)
  A spriggan (D:8)
  Eustachio (D:5)
  2 wyverns
  10 yaks
  7 hippogriffs
  A human (D:8)
  2 orc warriors
  5 water moccasins
  An ice beast (D:10)
  7 porcupines
  A sky beast (D:9)
  A wasp (D:9)
  A boring beetle (Lair:4)
  2 centaurs
  6 ogres
  7 crocodiles
  4 giant frogs
  3 scorpions
  2 electric eels (D:9)
  3 crimson imps
  A quasit (D:7)
  3 goliath beetles
  3 orc priests
  A human zombie (D:8)
  7 hounds
  6 iguanas
  2 jellies
  A gnoll shaman (D:9)
  5 orc wizards
  13 worker ants
  14 sheep
  Jessica (D:3)
  2 gnolls (D:9)
  A worker ant zombie (D:10)
  19 river rats
  A shadow imp (D:8)
  13 adders
  2 giant mites
  4 worms
  An adder zombie (D:6)
  2 adder skeletons (D:9)
  8 giant geckos
  2 oozes
  26 orcs
  A bat skeleton (D:4)
  A bat zombie (D:7)
  4 giant cockroaches
  12 hobgoblins
  9 jackals (D:2)
  11 kobolds
  15 bats
  6 giant newts
  A giant spore (D:6)
  12 goblins
  A jackal zombie (D:8)
  11 quokkas
  17 rats
  A spectral orc (D:2)
  7 ballistomycetes (D:6)
  A plant (D:10)
338 creatures vanquished.

Vanquished Creatures (others)
  An electric eel (D:9)
  3 crimson imps
  A giant frog skeleton (D:8)
  A white imp (D:10)
  A bat (D:9)
  A hobgoblin (D:8)
  2 goblins (D:4)
  A fungus (Lair:4)
  2 plants
13 creatures vanquished.

Grand Total: 351 creatures vanquished

Notes
Turn   | Place    | Note
--------------------------------------------------------------
     0 | D:1      | majlo, the Demigod Wizard, began the quest for the Orb.
     0 | D:1      | Reached XP level 1. HP: 14/14 MP: 4/4
    21 | D:1      | Reached skill level 1 in Conjurations
   405 | D:1      | Reached XP level 2. HP: 15/20 MP: 0/6
  1155 | D:2      | Reached XP level 3. HP: 16/26 MP: 0/8
  1379 | D:2      | Reached skill level 3 in Conjurations
  1946 | D:2      | Found a basalt altar of Yredelemnul.
  2484 | D:3      | Reached XP level 4. HP: 33/33 MP: 8/11
  2644 | D:3      | Noticed Jessica
  2648 | D:3      | Killed Jessica
  2648 | D:3      | Reached skill level 4 in Conjurations
  3129 | D:3      | Reached XP level 5. HP: 14/38 MP: 0/12
  3239 | D:3      | Reached skill level 5 in Conjurations
  3384 | D:3      | Learned a level 2 spell: Blink
  3388 | D:3      | Learned a level 3 spell: Mephitic Cloud
  3391 | D:3      | Learned a level 2 spell: Call Imp
  3404 | D:3      | Found a sparkling altar of Nemelex Xobeh.
  3637 | D:4      | Reached skill level 1 in Summonings
  3637 | D:4      | Reached skill level 1 in Translocations
  3903 | D:4      | Noticed an ogre
  3913 | D:4      | Killed an ogre
  3913 | D:4      | Reached skill level 1 in Air Magic
  3913 | D:4      | Reached skill level 1 in Poison Magic
  3913 | D:4      | Reached XP level 6. HP: 45/45 MP: 6/16
  4225 | D:4      | Found an opulent altar of Gozag.
  4229 | D:4      | Found Gozag's Platinum Reserve.
  4432 | D:4      | Found a staircase to the Ecumenical Temple.
  4539 | Temple   | Entered the Ecumenical Temple
  4922 | D:5      | Entered Level 5 of the Dungeon
  4995 | D:5      | Found an iron altar of Okawaru.
  5217 | D:5      | Noticed Eustachio
  5248 | D:5      | Killed Eustachio
  5248 | D:5      | Reached XP level 7. HP: 41/50 MP: 7/19
  5549 | D:5      | Reached skill level 1 in Fighting
  5764 | D:5      | Found a glowing silver altar of Zin.
  6043 | D:5      | Noticed Grinder
  6074 | D:5      | Killed Grinder
  6508 | D:6      | Reached XP level 8. HP: 63/63 MP: 12/20
  6697 | D:6      | Learned a level 2 spell: Repel Missiles
  6724 | D:6      | Found a shattered altar of Ashenzari.
  6744 | D:6      | Reached skill level 1 in Charms
  8340 | D:7      | Reached skill level 5 in Dodging
  8816 | D:7      | Reached skill level 5 in Fighting
  9606 | D:7      | Reached skill level 6 in Dodging
  9609 | D:7      | Reached XP level 9. HP: 53/74 MP: 3/21
 10488 | D:8      | Noticed Warspiderx's ghost (experienced MiFi)
 10528 | D:8      | Learned a level 6 spell: Freezing Cloud
 10594 | D:8      | Found Esaucrang's General Store.
 10620 | D:8      | Noticed Pikel
 10640 | D:8      | Killed Pikel
 10682 | D:8      | Found a runed door.
 10688 | D:8      | Found a basalt altar of Yredelemnul.
 11270 | D:9      | Found a staircase to the Orcish Mines.
 12290 | D:9      | Paralysed by a wasp for 1 turns
 12382 | D:10     | Entered Level 10 of the Dungeon
 12433 | D:10     | Found Homa's Book Boutique.
 12574 | D:9      | Reached XP level 10. HP: 81/81 MP: 20/25
 12608 | D:10     | Found a staircase to the Lair.
 12609 | D:10     | Noticed a komodo dragon
 13014 | D:10     | Killed a komodo dragon
 13280 | Lair:1   | Entered Level 1 of the Lair of Beasts
 13416 | Lair:1   | Found a labyrinth entrance.
 13858 | Lair:1   | Reached skill level 5 in Ice Magic
 13858 | Lair:1   | Reached skill level 5 in Air Magic
 14075 | D:10     | Bought a book of Power for 630 gold pieces
 14156 | Lair:1   | Reached skill level 5 in Spellcasting
 14498 | Lair:1   | Learned a level 4 spell: Iskenderun's Mystic Blast
 15004 | Lair:1   | Reached skill level 7 in Conjurations
 16118 | Lair:2   | Reached XP level 11. HP: 86/86 MP: 19/28
 16352 | Lair:2   | Identified Iskenderun's Reference Book on Torrid Attacks
 16477 | Lair:2   | Reached skill level 8 in Conjurations
 17585 | Lair:3   | You fall through a shaft for 2 floors!
 18356 | Lair:4   | Reached skill level 9 in Conjurations
 18606 | Lair:4   | Quit the game

Action                   |  1- 3 |  4- 6 |  7- 9 | 10-12 || total
-------------------------+-------+-------+-------+-------++-------
Melee: Dagger            |    23 |    21 |   108 |       ||   152
       Unarmed           |     3 |       |       |       ||     3
       Trident           |       |       |    78 |   348 ||   426
 Fire: Blowgun           |       |       |    16 |    25 ||    41
Throw: Stone             |       |       |     1 |       ||     1
       Javelin           |       |       |       |     2 ||     2
 Cast: Magic Dart        |   112 |   185 |   404 |   201 ||   902
       Mephitic Cloud    |       |     2 |    44 |    40 ||    86
       Call Imp          |       |       |     3 |     3 ||     6
       Repel Missiles    |       |       |     2 |       ||     2
       Iskenderun's Myst |       |       |       |    91 ||    91
       Blink             |       |       |       |     4 ||     4
       Freezing Cloud    |       |       |       |     1 ||     1
Evoke: Wand              |       |       |       |     4 ||     4
  Use: Scroll            |       |     8 |     4 |     5 ||    17
 Stab: Confused          |       |     2 |    12 |    20 ||    34
       Sleeping          |       |       |       |     2 ||     2
  Eat: Chunk             |     4 |     7 |    24 |    23 ||    58
       Fruit             |     1 |       |       |       ||     1
       Royal jelly       |       |       |     1 |     1 ||     2
       Pizza             |       |       |       |     1 ||     1
